Zazza, neutral female human Tourist ---------- ------------ ------ |........| |..........| #.....o@####-........| |..........| #|....| |........| # |.|........| #|....| ####.......<.| ####.>.........| #------ -------.-- # # |..........|###### ## # #### ----------.-# -.--- # # # # ########## |..>| # # #### # |...| # # # # |...| # # ### |...| ------# # # |...| |.....# ########### ##....| |....| #-----.---# ------------ # ----- .....| #|........# |..........|### |....-############|.......|### |..........|# ------ |.......|# # |..........-# |........# ######...........| --------- ------------ Zazza the Rambler Experience level: 1 Strength: 10 Dexterity: 9 Constitution: 18 Intelligence: 14 Wisdom: 7 Charisma: 17 Health: 0(10) Energy: 2(2) Def: 0 Gold: 1247 Moves: 1990 Dungeon seed: XnyQN7zqSjvUZQjS Game ID: Zazza_1595588550 Your Inventory: Coins $ - 1247 gold pieces Weapons a - 38 +2 darts (in quiver) r - a +0 war hammer x - a blessed +1 sling H - a +0 orcish dagger (weapon in hand) Armor e - an uncursed +0 Hawaiian shirt q - an uncursed +0 Hawaiian shirt (being worn) Comestibles b - 6 uncursed food rations c - 2 uncursed tripe rations d - 3 uncursed eggs f - 2 uncursed slime molds g - 2 uncursed carrots E - an uncursed pancake Scrolls i - 2 uncursed scrolls of magic mapping F - a blessed scroll of light Potions h - 2 uncursed potions of extra healing B - an uncursed potion of paralysis C - a cursed potion of see invisible D - a blessed potion of monster detection Wands s - a wand of striking (0:3) Tools j - an expensive camera (0:73) k - an uncursed credit card p - an uncursed tin whistle Gems n - an uncursed worthless piece of violet glass Spells and supernatural/magical abilities: Name Level Category Fail Memory W - pray for help -- divine ? -- Your skills at the end: Fighting Skills Weapon Skills dart [Basic] Spellcasting Skills Final Attributes: You were nominally aligned. You are dead. Vanquished creatures: an acid blob a hobbit 2 giant rats 2 yellow molds 2 geckos 2 jackals 2 sewer rats 7 grid bugs 10 lichens 5 newts 34 creatures vanquished. Voluntary challenges: You were vegetarian. You used a wielded weapon 15 times, starting on turn 561. You read items or engraved 5 times, starting on turn 68. You never genocided any monsters. You never polymorphed an object. You never changed form. You used no wishes. You never split a pudding. You wrote Elbereth's name 2 times, starting on turn 522. You never violated your personal moral code. Dungeon overview: The Dungeons of Doom: levels 1 to 4 Level 1 some altars to The Lady, a fountain a long staircase Level 2 a fountain Level 3 some fountains Level 4 <- You were here a long staircase History has recorded: On T:1 you entered the Dungeons of Doom to retrieve the Amulet of Yendor! On T:500 you reached level 2 of The Dungeons of Doom. On T:852 you reached level 3 of The Dungeons of Doom. On T:1717 you reached level 4 of The Dungeons of Doom. Score breakdown: Gold: 600 ( 9452 points) Experience: 1 level ( 0 points) Exploration: 4 levels ( 8.51%) ( 7661 points) Discoveries: 3 items ( 1.01%) ( 3010 points) Valuables value: (no points given unless you survive) Artifact value: 0 ( 0 points) Variety of kills: 10 monsters ( 2.62%) ( 4860 points) Turncount: 1990 turns ( 0 points) Survival: died (score multiplied by 80%) Total score: 19986 Latest messages: You succeed in picking the lock. The door opens. The door resists! The door opens. Your yellow mold corpse rots away. You stop. Armand is in the way! You hear the footsteps of a guard on patrol. You displace Armand. The gecko bites! You miss the gecko. (2x) The gecko bites! You hit the gecko. (2x) The gecko bites! You kill the gecko! The goblin throws a crude dagger! You are almost hit by a crude dagger. H - a crude dagger. You are now wielding your crude dagger. The goblin hits! You hit the goblin. You miss the goblin. The goblin hits! You die... Final status: Aloha Zazza the Tourist, killed by a goblin... You died in The Dungeons of Doom on dungeon level 4 with 19986 points, and 1247 pieces of gold, after 1990 moves. You were level 1 with a maximum of 10 hit points when you died.